 Dungeon Crawl Stone Soup version 0.30.1-6-gbe392663c4 (webtiles) character file.

Game seed: 9203438725220751351

21168 Kurtz the Severer (level 12, -1/73 HPs)
             Began as a Tengu Fighter on Sept 20, 2023.
             Was the Champion of Okawaru.
             Succumbed to a meliai's poison
             ... on level 13 of the Dungeon.
             The game lasted 00:19:37 (15596 turns).

Kurtz the Severer (Tengu Fighter)                  Turns: 15596, Time: 00:19:38

Health: -1/73      AC: 29    Str: 22    XL:     12   Next: 87%
Magic:  0/15       EV: 11    Int:  8    God:    Okawaru [******]
Gold:   551        SH: 13    Dex: 22    Spells: 11/11 levels left

rFire   . . .        V - +4 hand axe (flame)
rCold   . . .        M - +0 kite shield
rNeg    + . .        Y - +0 crystal plate armour of the Armoured One {Will+ Dex+2}
rPois   .            u - +2 hat
rElec   .            L - +0 cloak
rCorr   .            a - +2 pair of gloves {infuse}
SInv    .            (boots unavailable)
Will    +....        o - amulet of guardian spirit
Stlth   x              - +6 ring of dexterity
HPRegen 0.32/turn    b - ring of positive energy
MPRegen 0.14/turn

%: guardian spirit
@: lethally poisoned (-1 -> -25), heroic, flying quickly and evasively, quick
A: beak, talons 3, nimble flight
a: Renounce Religion, Heroism, Finesse, Duel


You were on level 13 of the Dungeon.
You worshipped Okawaru.
Okawaru was exalted by your worship.
You visited 2 branches of the dungeon, and saw 14 of its levels.

You collected 765 gold pieces.
You spent 214 gold pieces at shops.

Inventory:

Hand Weapons
 e - a +2 hand axe
 g - a +0 broad axe
 r - a +0 heavy hand axe
 N - a +1 flail of venom
 V - a +4 hand axe of flaming (weapon)
Missiles
 I - 5 poisoned darts
 Q - 5 curare-tipped darts (quivered)
 X - 3 atropa-tipped darts
Armour
 a - a +2 pair of gloves of infusion (worn)
 u - a +2 hat (worn)
 L - a +0 cloak (worn)
 M - a +0 kite shield (worn)
 Y - the +0 crystal plate armour of the Armoured One (worn) {Will+ Dex+2}
   (Okawaru gifted it to you on level 13 of the Dungeon)

   Dex:       It affects your dexterity (+2).
   Will:      It increases your willpower.
Jewellery
 b - a ring of positive energy (right hand)
 d - a +6 ring of intelligence
 o - an amulet of guardian spirit (around neck)
 x - a +6 ring of dexterity (left hand)
 G - an amulet of the acrobat
 P - a ring of positive energy
 S - a ring of poison resistance
Wands
 t - a wand of paralysis (6)
 F - a wand of polymorph (9)
 O - a wand of iceblast (3)
 W - a wand of mindburst (3)
Scrolls
 c - 2 scrolls of fog
 f - 7 scrolls of teleportation
 j - 2 scrolls of blinking
 k - 2 scrolls of poison
 n - 4 scrolls of amnesia
 p - a scroll of magic mapping
 v - 3 scrolls of silence {unknown}
 w - 2 scrolls of butterflies
 y - a scroll of fear {unknown}
 B - 3 scrolls of immolation {unknown}
 C - 3 scrolls of enchant weapon {unknown}
 E - a scroll of brand weapon {unknown}
 R - a scroll of identify
Potions
 h - 3 potions of mutation
 i - 3 potions of curing
 l - 5 potions of attraction
 m - 4 potions of heal wounds {unknown}
 q - 2 potions of invisibility
 s - 2 potions of brilliance
 z - a potion of lignification
 A - a potion of degeneration {unknown}
 H - a potion of haste {unknown}
 J - a potion of might
 K - 2 potions of resistance {unknown}
 T - a potion of cancellation {unknown}
 U - a potion of magic {unknown}


   Skills:
 * Level 8.0(13.0) Fighting
 - Level 18.0(23.0) Axes
 * Level 7.6(12.6) Armour
 * Level 6.0(11.0) Dodging
 * Level 6.1(11.1) Shields
 * Level 3.2 Invocations


You had 11 spell levels left.
You didn't know any spells.
Your spell library contained the following spells:

 Spells                   Type           Power      Damage    Failure   Level
 Beastly Appendage        Tmut           0%         N/A       100%        1
 Foxfire                  Conj/Fire      0%         2x1d4     100%        1
 Kiss of Death            Conj/Necr      0%         2d5       100%        1
 Magic Dart               Conj           0%         1d3       100%        1
 Shock                    Conj/Air       0%         1d3       100%        1
 Ensorcelled Hibernation  Hex/Ice        0%         N/A       100%        2
 Lesser Beckoning         Tloc           0%         N/A       100%        2
 Passwall                 Tmut/Erth      0%         N/A       100%        2
 Static Discharge         Conj/Air       0%         2-2/arc   100%        2
 Wereblood                Tmut           0%         N/A       100%        2
 Confusing Touch          Hex            0%         N/A       100%        3
 Gell's Gravitas          Tloc           0%         N/A       100%        3
 Mephitic Cloud           Conj/Pois/Air  0%         N/A       100%        3
 Spider Form              Tmut/Pois      0%         N/A       100%        3
 Stone Arrow              Conj/Erth      0%         3d7       100%        3
 Swiftness                Air            0%         N/A       100%        3
 Teleport Other           Tloc           0%         N/A       100%        3
 Airstrike                Air            0%         2d(0-16)  100%        4
 Dispel Undead            Necr           0%         3d6       100%        4
 Passage of Golubria      Tloc           0%         N/A       100%        4
 Arcjolt                  Conj/Air       0%         1d10      100%        5
 Fireball                 Conj/Fire      0%         3d3       100%        5
 Freezing Cloud           Conj/Ice/Air   0%         6-21      100%        5
 Yara's Violent Unravell  Hex/Tmut       0%         3d3       100%        5
 Plasma Beam              Fire/Air       0%         2x1d11    100%        6
 Starburst                Conj/Fire      0%         6d3       100%        6
 Call Imp                 Summ           Unusable   N/A       N/A         2
 Tukima's Dance           Hex            Unusable   N/A       N/A         3
 Summon Lightning Spire   Summ/Air       Unusable   N/A       N/A         4
 Spellforged Servitor     Conj/Summ      Unusable   N/A       N/A         7

Dungeon Overview and Level Annotations

Branches:
Dungeon (13/15)            Temple (1/1) D:7            Lair (0/5) D:11
    Orc (0/2) D:12
 Vaults: D:13-14

Altars:
Ashenzari
Cheibriados
Dithmenos
Elyvilon
Fedhas
Gozag
Hepliaklqana
Kikubaaqudgha
Makhleb
Nemelex Xobeh
Okawaru
Qazlal
Ru
Sif Muna
Trog
Uskayaw
Vehumet
Wu Jian
Xom
Yredelemnul
Zin
The Shining One

Shops:
D:10 *

Annotations:
D:7 3 runed translucent doors, Radiant's ghost, novice DrCj
D:8 1 runed translucent door, GrumpyGrim72's ghost, novice OpCj


Innate Abilities, Weirdness & Mutations

You have a beak for a mouth.
You have claws for feet.
Your magical nature lets you fly swiftly and evasively.


Message History

You hit the meliai. You burn the meliai. You claw the meliai, but do no damage.
You peck the meliai.
The meliai is almost dead.
You slash the meliai! You burn the meliai.
You kill the meliai!
Okawaru accepts your kill.
The meliai invokes the aid of its god against you.
Something smites you!
* * * LOW HITPOINT WARNING * * *
The meliai hits you but does no damage. You block the meliai's attack.
Your base Fighting skill increases to level 8!
You closely miss the meliai.
The meliai is almost dead.
The meliai hits you but does no damage. You block the meliai's attack.
The meliai calls upon its god to heal the meliai.
The meliai is healed somewhat.
You block the meliai's attack. The meliai closely misses you.
Unknown command.
You hit the meliai. You burn the meliai. You claw the meliai.
You peck the meliai, but do no damage.
The meliai is almost dead.
You closely miss the meliai. The meliai hits you but does no damage.
You block the meliai's attack.
The meliai calls down the wrath of its god upon you.
Something smites you!
* * * LOW HITPOINT WARNING * * *
You feel better.
The meliai calls down the wrath of its god upon you.
Something smites you!
* * * LOW HITPOINT WARNING * * *
The meliai hits you with a +0 war axe.
* * * LOW HITPOINT WARNING * * *
The meliai stings you.
* * * LOW HITPOINT WARNING * * *
You are lethally poisoned!
The meliai poisons you! You block the meliai's attack.
The meliai stings you but does no damage.
The meliai hits you but does no damage.
The meliai stings you but does no damage.
You die...

#.## #..## ....##
...#'##### ...#.....#
#'##.....#
..##[†...############
..##'######......'y.#
..#.............@#y.#
..#..............#..#
##################..#
............#...# ...
............#...#
#...
............#...#
.###
............'...# .#
............#...#
...####.....#####


You could see a meliai.

Vanquished Creatures
  A catoblepas (D:12)
  2 boulder beetles
  3 two-headed ogres
  Amaemon (D:11)
  4 cyclopes
  An ugly thing (D:12)
  2 manticores
  An orange demon (D:11)
  An unseen horror (D:13)
  3 kobold demonologists
  A komodo dragon (D:12)
  A freezing wraith (D:12)
  A meliai (D:13)
  2 trolls (D:12)
  2 hornets
  2 shadows
  16 yaks
  7 wyverns
  A water elemental (D:12)
  2 wraiths (D:12)
  A vampire (D:10)
  3 slime creatures
  Eustachio (D:4)
  4 vampire mosquitoes
  Menkaure (D:4)
  4 water moccasins
  3 acid dragons
  3 ice beasts
  9 orc warriors
  4 black bears
  An ogre (D:6)
  2 sky beasts
  3 wolves (D:11)
  4 centaurs
  A kobold brigand (D:9)
  A phantom (D:6)
  4 bullfrogs
  4 necrophages (D:4)
  Blork the orc (D:6)
  A gnoll sergeant (D:10)
  4 scorpions
  8 wights (D:8)
  6 killer bees
  6 electric eels (D:12)
  4 crimson imps (D:9)
  2 hounds (D:6)
  3 jellies
  10 orc priests
  Crazy Yiuf (D:4)
  6 iguanas
  4 orc wizards
  A hound zombie (D:4)
  10 adders
  3 gnolls (D:10)
  A shadow imp (D:5)
  3 white imps
  An ufetubus (D:5)
  6 dart slugs
  35 orcs
  9 bats
  8 endoplasms
  5 giant cockroaches
  7 goblins
  7 hobgoblins
  7 jackals
  19 kobolds
  6 quokkas
  5 ball pythons
  12 frilled lizards
  4 rats
312 creatures vanquished.

Vanquished Creatures (others)
  An orc wizard (D:7)
1 creature vanquished.

Grand Total: 313 creatures vanquished

Notes
Turn   | Place    | Note
-------+----------+-------------------------------------------
     0 | D:1      | Kurtz the Tengu Fighter began the quest for the Orb.
     0 | D:1      | Reached XP level 1. HP: 14/14 MP: 2/2
   105 | D:1      | Reached XP level 2. HP: 19/19 MP: 3/3
   122 | D:1      | Reached skill level 3 in Axes
   409 | D:1      | Reached XP level 3. HP: 21/23 MP: 4/4
   669 | D:1      | Reached skill level 4 in Axes
  1044 | D:2      | Found a faded altar of an unknown god.
  1084 | D:2      | Reached XP level 4. HP: 28/28 MP: 5/5
  1297 | D:2      | Reached skill level 5 in Axes
  1645 | D:3      | Gained mutation: Your magical nature lets you fly swiftly
                  | and evasively. [Tengu growth]
  1645 | D:3      | Reached XP level 5. HP: 16/32 MP: 6/6
  2159 | D:4      | Reached skill level 6 in Axes
  2338 | D:4      | Reached XP level 6. HP: 29/37 MP: 7/7
  2480 | D:4      | Found a blossoming altar of Fedhas.
  2521 | D:4      | Noticed Eustachio
  2531 | D:4      | Killed Eustachio
  2532 | D:4      | Reached skill level 7 in Axes
  2667 | D:4      | Noticed Menkaure
  2674 | D:4      | Killed Menkaure
  2675 | D:4      | Reached skill level 8 in Axes
  2675 | D:4      | Reached XP level 7. HP: 24/41 MP: 5/8
  2994 | D:4      | Found a runed translucent door.
  2995 | D:4      | Noticed Crazy Yiuf
  3014 | D:5      | Entered Level 5 of the Dungeon
  3116 | D:5      | Reached skill level 9 in Axes
  4111 | D:5      | Reached XP level 8. HP: 9/46 MP: 2/9
  4420 | D:6      | Reached skill level 1 in Dodging
  4438 | D:6      | Reached skill level 10 in Axes
  4615 | D:6      | Noticed Blork the orc
  4633 | D:6      | Killed Blork the orc
  5038 | D:6      | Reached skill level 11 in Axes
  5498 | D:7      | Noticed a hornet
  5507 | D:7      | Killed a hornet
  5508 | D:7      | Reached XP level 9. HP: 52/52 MP: 10/10
  5523 | D:7      | Reached skill level 12 in Axes
  5580 | D:7      | Found a staircase to the Ecumenical Temple.
  5584 | D:7      | Noticed a kobold demonologist
  5588 | Temple   | Entered the Ecumenical Temple
  5598 | Temple   | Became a worshipper of Warmaster Okawaru
  5622 | Temple   | Killed a kobold demonologist
  5887 | D:7      | Noticed Radiant's ghost (novice DrCj)
  5890 | D:7      | Found a runed translucent gate.
  5890 | D:7      | Found a runed translucent gate.
  5890 | D:7      | Found a runed translucent gate.
  6117 | D:7      | Reached skill level 1 in Invocations
  6323 | D:4      | Killed Crazy Yiuf
  6324 | D:4      | Reached skill level 13 in Axes
  6449 | D:4      | Reached * piety under Okawaru
  6567 | D:8      | Reached skill level 5 in Fighting
  6603 | D:8      | Found a radiant altar of Vehumet.
  6609 | D:8      | Reached XP level 10. HP: 59/59 MP: 12/12
  6660 | D:8      | Found an ancient bone altar of Kikubaaqudgha.
  6660 | D:8      | Found a sparkling altar of Nemelex Xobeh.
  6662 | D:8      | Found a hazy altar of Hepliaklqana.
  6663 | D:8      | Found a shadowy altar of Dithmenos.
  6805 | D:8      | Reached ** piety under Okawaru
  7071 | D:8      | Found a glowing golden altar of the Shining One.
  7237 | D:8      | Found a runed translucent door.
  7237 | D:8      | Noticed GrumpyGrim72's ghost (novice OpCj)
  7284 | D:8      | Reached skill level 14 in Axes
  7590 | D:9      | Paralysed by a hornet for 1 turns
  8177 | D:9      | Reached *** piety under Okawaru
  8184 | D:9      | Reached skill level 15 in Axes
  8371 | D:9      | Found a shimmering altar of Xom.
  8526 | D:9      | Found a white marble altar of Elyvilon.
  8539 | D:9      | Reached **** piety under Okawaru
  8557 | D:9      | Noticed a kobold demonologist
  8558 | D:9      | Noticed a soul eater
  8703 | D:9      | Killed a kobold demonologist
  8763 | D:9      | Reached XP level 11. HP: 59/64 MP: 11/13
  8797 | D:9      | Reached skill level 16 in Axes
  9165 | D:9      | Found a bloodstained altar of Trog.
  9412 | D:10     | Entered Level 10 of the Dungeon
  9740 | D:10     | Found an ornate altar of the Wu Jian Council.
  9802 | D:10     | Found Adeisch's Island Escapes.
  9810 | D:10     | Bought a scroll of fog for 44 gold pieces
  9810 | D:10     | Bought a potion of invisibility for 88 gold pieces
  9810 | D:10     | Bought a scroll of blinking for 82 gold pieces
 10091 | D:10     | Identified the +4 trident of Fedhas {protect, rElec rF-
                  | Will+ Int+6}
 10394 | D:10     | Reached ***** piety under Okawaru
 10395 | D:10     | Reached skill level 17 in Axes
 10793 | D:11     | Noticed a cyclops
 10907 | D:11     | Killed a cyclops
 11050 | D:11     | Noticed Amaemon
 11067 | D:11     | Noticed a two-headed ogre
 11077 | D:11     | Killed Amaemon
 11265 | D:10     | Killed a two-headed ogre
 11265 | D:10     | Received a gift from Okawaru
 11266 | D:10     | Reached skill level 18 in Axes
 11630 | D:11     | Noticed a two-headed ogre
 11709 | D:11     | Killed a two-headed ogre
 11791 | D:11     | Found a staircase to the Lair.
 12150 | D:12     | Reached XP level 12. HP: 57/70 MP: 7/14
 12339 | D:12     | Noticed a two-headed ogre
 12458 | D:12     | Reached skill level 5 in Dodging
 12495 | D:12     | Reached skill level 5 in Armour
 13217 | D:12     | Noticed a catoblepas
 13274 | D:12     | Killed a catoblepas
 13760 | D:12     | Reached skill level 5 in Shields
 14143 | D:12     | Found a staircase to the Orcish Mines.
 14413 | D:12     | Killed a two-headed ogre
 14664 | D:12     | Got the Enchiridion on Conflict
 14751 | D:13     | Received a gift from Okawaru
 14842 | D:13     | Noticed a boulder beetle
 15098 | D:12     | Killed a boulder beetle
 15098 | D:12     | Reached ****** piety under Okawaru
 15302 | D:13     | Noticed a boulder beetle
 15315 | D:13     | Killed a boulder beetle
 15530 | D:13     | Identified the +0 crystal plate armour of the Armoured One
                  | {Will+ Dex+2} (Okawaru gifted it to you on level 13 of the
                  | Dungeon)
 15530 | D:13     | Received a gift from Okawaru
 15596 | D:13     | Succumbed to a meliai's poison

Illustrated notes

Levels and vault maps discovered:
D:1:      wander_arrival_desolate, layout_basic, dk_noncrumbling_2,
          minmay_lizard_pond
D:2:      layout_basic, basic_ecumenical_altar, grunt_ministairs_9,
          minmay_split_cup_large
D:3:      layout_rooms, kennysheep_generic_room_12
D:4:      layout_rooms, fedhas_altar_decomposition, uniq_crazy_yiuf_cottage,
          uniq_eustachio, uniq_menkaure
D:5:      layout_layer_cave
D:6:      layout_basic, serial_bayou_pond_e, kennysheep_generic_room_5,
          uniq_blork_the_orc
D:7:      layout_loops_ring, minmay_temple_entry_mini_moons,
          gammafunk_ghost_nasty_kobolds, serial_bayou_crossing
D:8:      layout_basic, mainiacjoe_overflow_tiny_flanked, marbit_many_paths,
          grunt_temple_overflow_open, gammafunk_ghost_grave,
          nicolae_benzene_ring
D:9:      layout_roguey, led_xom_imps, mainiacjoe_overflow_paths,
          mainiacjoe_overflow_catwalk, serial_co_window_serial,
          co_window_of_opportunity_a, co_window_corner_a, co_window_corner_a,
          co_window_of_opportunity_a, co_window_paths_a, co_window_broadway_c,
          co_window_unsneaky_path_c, co_window_cross_4, co_window_4corner_a,
          glass_columns_b, glass_columns_b, glass_columns_c, glass_columns_a
D:10:     layout_irregular_city, nicolae_wu_jian_immortal_techniques,
          nicolae_island_escapes
D:11:     layout_basic, minmay_lair_entry_grove, uniq_amaemon
D:12:     layout_basic, david_orc_5, serial_park_tiny_pond
D:13:     kennysheep_bubbly, layout_gridville,
          hangedman_vaults_entry_quadrant_bands, drop_trap
Temple:   minmay_freezing_vapour_temple

Skill      XL: |  1  2  3  4  5  6  7  8  9 10 11 12 |
---------------+-------------------------------------+-----
Axes           | 3 4 5 6 8 9 11 13 15 18 | 18.0
Dodging        | 2 3 4 6 |  6.0
Fighting       | 4 5 6 8 |  8.0
Invocations    | 1 2 3 |  3.2
Armour         | 4 7 |  7.6
Shields        | 4 6 |  6.1

Action                     |  1- 3 |  4- 6 |  7- 9 | 10-12 || total
---------------------------+-------+-------+-------+-------++-------
  Melee: War axe           |    79 |    54 |       |       ||   133
         Peck              |     6 |    13 |    40 |   158 ||   217
         Kick              |    12 |    28 |    50 |   256 ||   346
         Hand axe          |       |    67 |   167 |   113 ||   347
         Unarmed           |       |       |    11 |       ||    11
         Broad axe         |       |       |       |   360 ||   360
         Flail             |       |       |       |   131 ||   131
  Throw: Dart              |       |       |       |    27 ||    27
 Invoke: Heroism           |       |       |       |     2 ||     2
  Evoke: Wand              |       |       |     6 |    31 ||    37
    Use: Potion            |       |       |     2 |     3 ||     5
         Scroll            |       |       |       |    11 ||    11
   Stab: Paralysed         |       |       |     6 |     6 ||    12
         Invisible         |       |       |       |     4 ||     4
 Armour: Scale mail        |    40 |    49 |    22 |       ||   111
         Plate armour      |       |       |    56 |   219 ||   275
         Crystal plate arm |       |       |       |    10 ||    10
  Dodge: Dodged            |    22 |    41 |    70 |   149 ||   282
  Block: Buckler           |    19 |    25 |    39 |    36 ||   119
         Kite shield       |       |       |       |   159 ||   159
